Map: Lost and Found LE

Players

Nerchio

  • Race: Zerg Zerg
  • Spawn Location: 1:00

Harstem - Winner!

  • Race: Protoss Protoss
  • Spawn Location: 7:00

Event: WCS Montreal 2018

VOD

Have the link to the VOD?

Description

Time

  • Played on: Sept. 7, 2018, 7 p.m.
  • Length: 13:51

All games in this series

Show
View Real Time Build Order
Export as new Build Order

Nerchio Zerg 

Build Orders: Hatch First 

Get SALT Encoding   

  12  0:00  Drone  
  13  0:13  Overlord  
  13  0:16  Drone  
  14  0:31  Drone x2  
  14  0:34  Drone  
  17  0:51  Hatchery  
  17  0:55  Drone  
  17  0:58  Drone  
  18  1:05  Extractor  
  17  1:14  Spawning Pool  
  17  1:17  Drone  
  17  1:20  Drone  
  18  1:28  Drone  
  19  1:38  Overlord  
  19  1:49  Drone  
  20  2:01  Queen  
  20  2:03  Queen  
  20  2:04  Metabolic Boost  
  20  2:07  Zergling x2  
  20  2:08  Zergling x2  
  26  2:11  Drone  
  26  2:14  Drone  
  29  2:22  Drone  
  29  2:25  Drone  
  30  2:36  Hatchery  
  29  2:41  Drone  
  29  2:42  Drone  
  31  2:44  Drone  
  31  2:49  Overlord  
  32  2:55  Zergling x2  
  32  2:57  Zergling x2  
  34  3:05  Zergling x2  
  35  3:12  Drone x7  
  41  3:24  Overlord  
  41  3:25  Drone  
  41  3:28  Queen  
  43  3:36  Overlord  
  43  3:39  Overlord  
  43  3:47  Queen  
  45  3:49  Roach Warren  
  45  3:51  Drone  
  45  3:52  Drone x3  
  47  3:55  Spore Crawler  
  47  3:58  Spore Crawler  
  47  4:00  Drone  
  46  4:04  Drone x2  
  46  4:05  Drone  
  46  4:07  Drone  
  50  4:15  Drone x3  
  50  4:16  Drone  
  52  4:21  Drone  
  52  4:23  Drone  
  53  4:25  Drone  
  54  4:32  Lair  
  54  4:34  Drone  
  54  4:35  Drone  
  54  4:37  Overlord  
  56  4:40  Drone x2  
  56  4:42  Overlord  
  58  4:52  Roach x2  
  61  4:53  Roach  
  61  4:54  Overlord  
  61  4:55  Overlord  
  61  4:56  Roach  
  61  4:59  Roach  
  67  5:02  Roach  
  67  5:04  Drone  
  67  5:05  Drone x2  
  67  5:06  Extractor  
  71  5:07  Spore Crawler  
  71  5:09  Overlord  
  71  5:10  Zergling x2  
  71  5:11  Zergling x2  
  71  5:13  Overlord  
  72  5:16  Zergling x4  
  74  5:21  Evolution Chamber  
  74  5:24  Drone x3  
  76  5:29  Drone  
  76  5:30  Drone x3  
  76  5:34  Overlord  
  80  5:40  Glial Reconstitution  
  80  5:42  Drone x3  
  82  5:43  Drone x2  
  82  5:44  Drone  
  85  5:50  Spore Crawler  
  85  5:52  Drone x4  
  85  5:53  Spore Crawler  
  85  5:55  Spore Crawler  
  85  5:59  Zerg Melee Weapons Level 1  
  85  6:00  Extractor x2  
  85  6:01  Drone  
  85  6:02  Drone x2  
  83  6:06  Spore Crawler  
  83  6:08  Spore Crawler x2  
  83  6:09  Drone x5  
  85  6:13  Overlord  
  85  6:16  Drone  
  86  6:18  Drone  
  86  6:19  Drone x2  
  87  6:25  Drone  
  87  6:26  Drone  
  87  6:28  Drone  
  87  6:32  Drone  
  88  6:33  Hatchery  
  88  6:34  Drone  
  88  6:36  Drone x3  
  89  6:41  Drone x4  
  89  6:42  Extractor x2  
  91  6:47  Spire  
  91  6:51  Drone x4  
  91  6:53  Drone  
  95  6:57  Overlord  
  95  6:58  Hydralisk Den  
  95  6:59  Overlord  
  94  7:02  Drone  
  94  7:04  Overlord  
  95  7:09  Overlord x3  
  95  7:22  Baneling Nest  
  94  7:26  Zergling x2  
  94  7:27  Zergling x16  
  94  7:29  Grooved Spines  
  102  7:32  Hydralisk x2  
  102  7:33  Hydralisk  
  108  7:37  Hydralisk x2  
  108  7:39  Hydralisk  
  108  7:41  Hydralisk  
  114  7:46  Hydralisk x2  
  114  7:49  Hydralisk  
  114  7:50  Hydralisk  
  122  7:55  Hydralisk x2  
  126  8:06  Centrifical Hooks  
  126  8:07  Hydralisk x4  
  126  8:10  Hydralisk  
  136  8:13  Overlord  
  136  8:14  Hydralisk  
  136  8:19  Hydralisk x2  
  143  8:27  Drone  
  143  8:29  Hydralisk x3  
  143  8:33  Zergling x12  
  155  8:34  Zergling x2  
  155  8:41  Muscular Augments  
  155  8:43  Zergling x16  
  155  8:47  Ravager x4  
  167  8:49  Overlord  
  167  8:52  Overlord x2  
  167  8:54  Baneling x3  
  167  8:55  Baneling x2  
  167  9:08  Baneling x9  
  161  9:12  Zergling x26  
  161  9:16  Drone  
  173  9:27  Drone x4  
  173  9:29  Pneumatized Carapace, Overlord  
  177  9:34  Zerg Melee Weapons Level 2, Evolution Chamber  
  177  9:37  Hatchery  
  174  9:39  Zergling x10  
  175  9:56  Zergling x24  
  176  10:03  Drone x4  
  176  10:05  Hydralisk  
  169  10:09  Zerg Missile Weapons Level 1  
  160  10:16  Baneling x4  
  160  10:17  Baneling x17  
  160  10:24  Corruptor  
  162  10:30  Infestation Pit  
  162  10:35  Drone x10  
  171  10:38  Extractor  
  171  10:40  Overlord  
  170  10:47  Baneling  
  170  10:48  Baneling x17  
  164  11:04  Zergling x32  
  164  11:09  Overlord  
  177  11:15  Hive  
  177  11:17  Spire  
  176  11:19  Extractor  
  176  11:24  Hydralisk x4  
  181  11:28  Drone x2, Overlord  
  183  11:35  Hydralisk x4  
  178  11:59  Zergling x26  
  169  12:08  Zergling x14  
  169  12:14  Zergling x4  
  169  12:15  Zergling x2  
  174  12:16  Zergling x2  
  174  12:19  Baneling x26  
  174  12:22  Zergling x6  
  176  12:23  Zergling x2  
  176  12:29  Zergling x2  
  178  12:30  Zergling x2  
  178  12:33  Baneling x6  
  177  12:43  Zergling x20  
  173  12:44  Zergling x2  
  173  12:49  Hydralisk x2  
  144  12:53  Hydralisk  
  144  12:54  Hydralisk  
  144  12:57  Hydralisk  
  127  12:58  Hydralisk x2  
  127  13:00  Hydralisk  
  127  13:04  Hydralisk x2  
  123  13:06  Hydralisk  
  123  13:10  Hydralisk  
  127  13:13  Hydralisk  
  127  13:16  Baneling  
  127  13:17  Baneling x2  
  130  13:20  Zergling x8  
  129  13:28  Zergling x12  
  129  13:29  Zergling x4  
  129  13:30  Zergling x2  
  129  13:33  Baneling x6  
Show
View Real Time Build Order
Export as new Build Order

Harstem Protoss - Winner!

Build Orders: 1 Gate Expand, Oracle Opening, Phoenix Opening, Archon Immortal, Mass Phoenix 

Get SALT Encoding   

  12  0:00  Probe  
  13  0:12  Probe  
  14  0:18  Pylon  
  14  0:24  Probe  
  15  0:33  Probe  
  15  0:39  Gateway  
  15  0:41  Probe  
  16  0:49  Assimilator  
  17  0:51  Probe  
  18  1:03  Probe  
  19  1:15  Probe  
  20  1:22  Nexus  
  20  1:33  Cybernetics Core  
  20  1:34  Probe  
  20  1:39  Assimilator  
  21  1:46  Probe  
  22  1:49  Pylon  
  22  1:58  Probe  
  22  2:00  Adept  
  23  2:10  Probe  
  23  2:15  Stargate  
  26  2:20  Adept  
  26  2:22  Probe  
  26  2:25  Warp Gate  
  29  2:35  Probe x2  
  31  2:45  Adept  
  31  2:47  Probe x2  
  31  2:50  Phoenix  
  35  2:59  Probe x2  
  39  3:10  Pylon, Oracle  
  39  3:11  Probe x2  
  41  3:23  Probe  
  41  3:24  Probe  
  46  3:32  Gateway  
  46  3:35  Probe  
  46  3:36  Probe  
  46  3:37  Assimilator  
  46  3:39  Assimilator  
  48  3:47  Probe  
  49  3:50  Adept  
  49  3:52  Stargate  
  49  3:53  Probe  
  46  3:59  Probe  
  49  4:03  Pylon  
  49  4:05  Probe  
  50  4:11  Probe  
  50  4:13  Phoenix  
  51  4:17  Probe  
  51  4:23  Probe  
  51  4:24  Pylon  
  55  4:29  Pylon  
  56  4:31  Adept x2  
  56  4:36  Probe  
  56  4:37  Phoenix  
  61  4:38  Phoenix  
  61  4:41  Pylon  
  64  4:56  Nexus  
  64  4:59  Phoenix  
  64  5:01  Pylon  
  64  5:02  Phoenix, Probe x2  
  68  5:14  Probe  
  71  5:22  Robotics Facility  
  71  5:27  Phoenix x2  
  74  5:28  Probe  
  74  5:29  Shield Battery  
  74  5:34  Probe  
  77  5:40  Probe  
  77  5:42  Twilight Council, Forge  
  78  5:46  Probe  
  78  5:48  Probe  
  79  5:56  Probe  
  80  5:58  Probe  
  82  6:07  Probe  
  82  6:08  Immortal  
  82  6:10  Probe  
  84  6:17  Protoss Ground Weapons Level 1  
  88  6:19  Probe x2, Zealot, Sentry  
  88  6:22  Pylon, Probe  
  95  6:30  Probe  
  95  6:31  Probe  
  97  6:34  Probe  
  97  6:38  Probe  
  98  6:42  Assimilator  
  98  6:43  Probe  
  98  6:44  Charge  
  98  6:46  Templar Archives, Gateway, Probe, Assimilator  
  98  6:47  Probe  
  101  6:48  Gateway  
  101  6:51  Pylon, Immortal  
  102  6:55  Probe  
  102  6:59  Pylon, Probe  
  108  7:08  Photon Cannon  
  108  7:11  Gateway  
  108  7:12  Pylon, Gateway  
  108  7:16  Gateway  
  108  7:17  Gateway  
  108  7:19  Psionic Storm  
  108  7:20  Warp Prism, Probe  
  109  7:33  Pylon  
  111  7:43  Sentry, Zealot x2  
  115  7:57  Probe  
  116  8:00  Gateway  
  116  8:02  Gateway, Protoss Ground Weapons Level 2  
  116  8:05  Photon Cannon  
  122  8:07  High Templar x3  
  122  8:08  High Templar  
  122  8:10  Pylon  
  122  8:11  Archon  
  130  8:12  Archon  
  130  8:15  Zealot x4  
  130  8:16  Shield Battery  
  136  8:21  Probe  
  136  8:24  Immortal  
  137  8:32  Pylon  
  129  8:37  Nexus  
  128  8:41  Pylon  
  128  8:47  Zealot x8  
  142  8:53  Probe  
  142  8:54  Probe  
  143  9:00  Immortal  
  140  9:03  Zealot x2  
  140  9:06  Probe  
  140  9:09  High Templar  
  147  9:10  High Templar x4  
  153  9:19  High Templar  
  153  9:23  Photon Cannon  
  153  9:27  Photon Cannon  
  153  9:31  Immortal, Pylon  
  153  9:38  High Templar x2, Nexus, Sentry  
  150  9:39  Zealot  
  150  9:40  Pylon  
  150  9:43  Archon  
  156  9:54  Zealot x6  
  165  10:01  Protoss Ground Weapons Level 3  
  165  10:04  Probe  
  151  10:09  Warp Prism  
  147  10:14  High Templar x2  
  147  10:15  Zealot x7  
  147  10:17  Nexus  
  147  10:21  Archon  
  163  10:26  High Templar  
  163  10:28  Pylon  
  165  10:52  Zealot x7  
  165  10:53  Immortal, Zealot  
  165  11:07  Probe x2  
  161  11:16  High Templar x4  
  169  11:19  Assimilator  
  169  11:23  Assimilator  
  169  11:24  Archon x2  
  169  11:25  Immortal, Probe  
  160  11:27  Zealot x6  
  160  11:32  Photon Cannon  
  176  11:34  Pylon, Photon Cannon  
  176  11:35  Shield Battery  
  176  11:38  Probe x2  
  165  11:56  Zealot x7  
  155  12:01  Zealot  
  155  12:07  Probe  
  151  12:11  High Templar x2  
  151  12:12  Probe x3  
  158  12:18  High Templar  
  158  12:19  High Templar x3  
  162  12:24  Archon x2  
  162  12:25  High Templar x2  
  162  12:26  Zealot x2  
  170  12:33  Archon  
  144  12:47  Archon  
  144  12:49  Zealot x4  
  124  12:53  Zealot x4  
  116  13:05  Phoenix  
  114  13:11  Zealot x4  
  120  13:14  High Templar x4  
  120  13:15  Zealot  
  120  13:16  Zealot  
  120  13:18  Archon x2  
  137  13:27  Probe  
  137  13:31  Probe  
  138  13:48  High Templar x4  
  136  13:49  Zealot x5  
Tags
 
Add a new tag
Caveats
  • Supply blocks, unpowered buildings, or Contaminate may cause inaccurate times.
  • Supply counts are checked every 10 seconds.